 Dungeon Crawl Stone Soup version 0.29-a0-43-g62a80824bf (webtiles) character file.

Game seed: 2649955856135787843

194 wilfster70 the Chopper (level 5, 0/45 HPs)
             Began as a Hill Orc Fighter on Feb 2, 2022.
             Slain by a gnoll (4 damage)
             ... on level 4 of the Dungeon.
             The game lasted 00:04:51 (3413 turns).

wilfster70 the Chopper (Hill Orc Fighter)           Turns: 3413, Time: 00:04:52

Health: 0/45       AC:  9    Str: 21    XL:     5   Next: 73%
Magic:  5/5        EV:  7    Int:  8    God:
Gold:   176        SH:  5    Dex: 10    Spells: 4/4 levels left

rFire   . . .      SeeInvis .   a - +0 war axe
rCold   . . .      Faith    .   c - +1 buckler
rNeg    . . .      Spirit   .   g - +0 chain mail
rPois   .          Reflect  .   (no helmet)
rElec   .          Harm     .   (no cloak)
rCorr   .          Rampage  .   (no gloves)
Will    .....                   (no boots)
Stlth   ..........              (no amulet)
HPRegen 0.15/turn               h - ring of flight
MPRegen 0.09/turn               (no ring)

@: flying
A: no striking features
a: no special abilities


You were on level 4 of the Dungeon.
You visited 1 branch of the dungeon, and saw 4 of its levels.

You collected 176 gold pieces.

Inventory:

Hand Weapons
 a - a +0 war axe (weapon)
Missiles
 e - 36 stones (quivered)
Armour
 c - a +1 buckler (worn)
 g - a +0 chain mail (worn)
Jewellery
 h - a ring of flight (left hand)
Scrolls
 f - a scroll of enchant weapon {unknown}
Potions
 b - a potion of flight {unknown}
 d - 2 potions of might


   Skills:
 - Level 3.6 Fighting
 * Level 6.4 Axes
 - Level 3.2 Armour
 + Level 4.7 Shields


You had 4 spell levels left.
You didn't know any spells.
Your spell library contained the following spells:

 Spells                   Type           Power      Damage    Failure   Level
 Beastly Appendage        Tmut           0%         N/A       99%         1
 Ensorcelled Hibernation  Hex/Ice        0%         N/A       100%        2
 Passwall                 Tmut/Erth      0%         N/A       100%        2
 Wereblood                Tmut           0%         N/A       100%        2
 Ozocubu's Armour         Ice            0%         N/A       100%        3
 Spider Form              Tmut/Pois      0%         N/A       100%        3
 Swiftness                Air            0%         N/A       100%        3
 Ozocubu's Refrigeration  Ice            0%         4d5       100%        7


Dungeon Overview and Level Annotations

Branches:
Dungeon (4/15)
 Temple: D:4-7

Altars:


Message History

The gnoll closely misses you.
There is a stone staircase leading up, spattered with blood here.
The gnoll barely misses you. The gnoll hits you with a +0 spear.
You fly upwards.
There is a stone staircase leading down here.
You barely miss the gnoll. The gnoll hits you but does no damage.
You slash the gnoll!
You kill the gnoll!
No target in view!
You start resting.
HP restored.
You fly downwards.
The gnoll hits you but does no damage.
There is a stone staircase leading up, spattered with blood here.
You completely miss the gnoll. You block the gnoll's attack.
The gnoll hits you with a +0 halberd.
You closely miss the gnoll. The gnoll barely misses you.
You hit the gnoll.
The gnoll is heavily wounded.
You barely miss the gnoll.
The gnoll hits you with a +2 whip of distortion!
Space warps around you. The gnoll hits you with a +0 halberd!
You hit the gnoll.
The gnoll is heavily wounded.
You hit the gnoll. You block the gnoll's attack. x2
The gnoll hits you with a +2 whip of distortion.
You blink.
A centaur skeleton comes into view.
Found a stone staircase leading down.
You aren't carrying any items that you can evoke.
The gnoll hits you from afar with a +0 halberd.
* * * LOW HITPOINT WARNING * * *
You barely miss the gnoll.
The gnoll is heavily wounded.
The gnoll hits you but does no damage. The gnoll completely misses you.
You hit the gnoll.
You kill the gnoll!
The gnoll hits you from afar with a +0 halberd!
* * * LOW HITPOINT WARNING * * *
The gnoll hits you from afar with a +0 halberd.
You die...

>#..
#..# ..#
..# #.#
#.# #Z#
#.# #@#
#)##
#g.#
#..#
##.# #.#
####.#
##..#.#
#.....##


You could see a gnoll and a centaur skeleton.

Vanquished Creatures
  A hound (D:2)
  8 gnolls
  5 adders
  A worm (D:3)
  An orc (D:3)
  5 ball pythons
  7 endoplasms
  2 giant cockroaches
  6 goblins
  3 hobgoblins
  A quokka (D:2)
  3 bats
  6 frilled lizards
  2 kobolds
  5 rats
56 creatures vanquished.

Notes
Turn   | Place    | Note
-------+----------+-------------------------------------------
     0 | D:1      | wilfster70 the Hill Orc Fighter began the quest for the
                  | Orb.
     0 | D:1      | Reached XP level 1. HP: 19/19 MP: 1/1
   175 | D:1      | Reached skill level 3 in Axes
   258 | D:1      | Reached XP level 2. HP: 21/26 MP: 2/2
   730 | D:1      | Found a faded altar of an unknown god.
  1032 | D:2      | Reached skill level 4 in Axes
  1068 | D:2      | Reached XP level 3. HP: 31/31 MP: 3/3
  1389 | D:1      | Reached XP level 4. HP: 11/39 MP: 4/4
  1609 | D:2      | Reached skill level 5 in Axes
  2044 | D:2      | Reached XP level 5. HP: 45/45 MP: 5/5
  2499 | D:3      | Reached skill level 6 in Axes
  3413 | D:4      | Slain by a gnoll

Illustrated notes

Levels and vault maps discovered:
D:1:      lemuel_arrival_river_bridge, layout_basic,
          hellmonk_ecumenical_altar_lost_god, grunt_decor_clamped
D:2:      minmay_spotlight, layout_basic
D:3:      layout_loops_cross, palyth_stone_intersect
D:4:      layout_cave_pods, serial_shops, nicolae_shop_hallway_plus

Skill      XL: |  1  2  3  4  5 |
---------------+----------------+-----
Axes           | 3 4 5 6 |  6.4
Shields        | 4 |  4.7
Fighting       | |  3.6
Armour         | |  3.2

Action                   |  1- 3 |  4- 6 || total
-------------------------+-------+-------++-------
Melee: War axe           |    88 |    90 ||   178
  Use: Scroll            |     3 |     4 ||     7
Armor: Scale mail        |    34 |    17 ||    51
       Chain mail        |       |    13 ||    13
Dodge: Dodged            |    37 |    42 ||    79
Block: Buckler           |    36 |    30 ||    66

Table legend: (Time is in decaauts)
 A = Elapsed time spent in this place.
 B = Non-inter-level travel time spent in this place.
 C = Inter-level travel time spent in this place.
 D = Time resting spent in this place.
 E = Time spent auto-exploring this place.
 F = Levels seen in this place.
 G = Mean time per level.
                   A        B        C        D        E       F      G
               +--------+--------+--------+--------+--------+-----+--------+
         Total |   3471 |   3411 |     60 |    942 |   1620 |   4 |  867.8 |
       Dungeon |   3471 |   3411 |     60 |    942 |   1620 |   4 |  867.8 |
               +--------+--------+--------+--------+--------+-----+--------+

Top non-repeatable levels by time:
     D:1: 1472 daAuts
     D:3: 999 daAuts
     D:2: 914 daAuts
     D:4: 84 daAuts
